Map: Turbo Cruise '84 LE

Players

Darkstar

  • Race: Zerg Zerg
  • League: Diamond
  • Spawn Location: 3:00

MaliCiouS - Winner!

  • Race: Zerg Zerg
  • League: Platinum
  • Spawn Location: 7:00

VOD

Have the link to the VOD?

Description

Time

  • Played on: June 12, 2019, 2:39 a.m.
  • Length: 15:33
Show
View Real Time Build Order
Export as new Build Order

Darkstar Zerg 

Build Orders: Hatch First, Zergling Baneling 

Get SALT Encoding   

  12  0:01  Drone  
  13  0:09  Drone  
  14  0:17  Overlord  
  14  0:35  Drone  
  15  0:36  Drone x2  
  17  0:47  Drone  
  18  0:56  Hatchery  
  17  1:01  Drone  
  17  1:03  Extractor  
  17  1:16  Spawning Pool  
  16  1:18  Drone  
  16  1:22  Drone  
  18  1:30  Drone  
  19  1:40  Overlord  
  19  1:51  Drone  
  20  2:02  Drone  
  20  2:03  Queen  
  20  2:07  Metabolic Boost  
  23  2:09  Queen  
  23  2:11  Zergling x2  
  26  2:18  Zergling x2  
  26  2:22  Zergling x2  
  28  2:23  Zergling x2  
  29  2:32  Zergling x2  
  29  2:34  Zergling x2  
  31  2:37  Baneling Nest  
  31  2:40  Overlord  
  30  2:50  Zergling x2  
  31  2:52  Zergling x2  
  32  3:01  Overlord  
  32  3:03  Zergling x2  
  33  3:08  Zergling x2  
  34  3:17  Zergling x2  
  34  3:18  Zergling x12  
  41  3:28  Overlord  
  41  3:29  Zergling x2  
  42  3:38  Zergling x2  
  42  3:39  Zergling x2  
  39  4:23  Baneling x6  
  39  4:24  Baneling x5  
  39  4:25  Zergling x2, Baneling  
  39  4:26  Zergling x16  
  36  5:22  Drone x11  
  36  5:23  Drone  
  46  5:38  Drone  
  46  5:39  Drone  
  48  5:45  Extractor  
  48  5:46  Extractor  
  48  5:49  Roach Warren  
  45  5:53  Spine Crawler  
  45  5:55  Queen  
  45  5:56  Spine Crawler  
  45  5:57  Zergling x2  
  45  5:58  Zergling x6  
  49  6:13  Zergling x4  
  51  6:20  Lair  
  51  6:31  Drone x2  
  51  6:32  Roach x3  
  59  6:35  Overlord  
  59  6:43  Extractor  
  59  6:45  Drone  
  59  6:56  Drone  
  59  6:57  Drone x4  
  64  7:07  Drone x3  
  67  7:29  Glial Reconstitution  
  67  7:34  Overlord  
  67  7:35  Overlord x4  
  67  7:36  Overlord  
  67  7:47  Overseer  
  67  7:57  Roach x5  
  67  7:58  Roach x5  
  85  7:59  Roach  
  89  8:18  Roach  
  89  8:19  Roach x4  
  99  9:12  Roach x3  
  99  9:13  Roach x5  
  99  9:15  Overlord x2  
  115  9:20  Hatchery  
  114  9:30  Evolution Chamber  
  113  9:31  Evolution Chamber  
  113  9:33  Spire  
  111  10:09  Roach x3  
  111  10:10  Roach x5  
  111  10:11  Roach x2  
  131  10:48  Hatchery  
  130  10:52  Overlord x4  
  130  10:53  Overlord x2  
  130  11:11  Hatchery  
  129  11:20  Mutalisk x2  
  129  11:21  Mutalisk x4  
  141  11:26  Zerg Flyer Weapons Level 1  
  141  11:31  Zerg Ground Armor Level 1, Zerg Melee Weapons Level 1  
  141  11:42  Mutalisk  
  141  11:43  Mutalisk  
  145  11:54  Mutalisk  
  145  11:55  Mutalisk x3  
  153  12:09  Drone  
  153  12:10  Drone x4  
  158  12:16  Drone x3  
  158  12:21  Centrifical Hooks  
  161  12:32  Drone x3  
  161  12:33  Drone x4  
  168  12:45  Drone  
  168  12:46  Drone x5  
  168  12:50  Extractor  
  173  12:52  Extractor  
  173  12:54  Spore Crawler  
  171  13:05  Mutalisk  
  171  13:06  Mutalisk x5  
  171  13:07  Mutalisk  
  171  13:08  Mutalisk  
  187  13:29  Baneling x3  
  187  13:30  Baneling x6  
  187  13:31  Baneling  
  183  14:00  Overlord  
  183  14:01  Overlord  
  101  14:27  Roach x5  
  101  14:28  Roach  
  78  14:47  Mutalisk x2  
  78  14:48  Mutalisk x4  
Show
View Real Time Build Order
Export as new Build Order

MaliCiouS Zerg - Winner!

Build Orders: Hatch First, Lurkers 

Get SALT Encoding   

  12  0:01  Drone  
  13  0:11  Drone  
  14  0:25  Overlord  
  14  0:28  Extractor  
  14  0:29  Drone  
  14  0:51  Drone  
  14  0:53  Hatchery  
  14  1:00  Drone x2  
  16  1:04  Drone  
  17  1:13  Drone  
  18  1:27  Spawning Pool  
  18  1:30  Drone  
  18  1:40  Drone  
  19  1:50  Overlord  
  19  2:16  Baneling Nest, Queen  
  19  2:18  Zergling x4  
  19  2:19  Drone x3  
  25  2:33  Metabolic Boost  
  25  2:36  Drone x2  
  27  2:42  Drone x2  
  29  2:58  Queen  
  29  2:59  Overlord  
  29  3:03  Roach Warren  
  29  3:04  Drone  
  31  3:08  Baneling x2  
  31  3:30  Overlord, Drone x3  
  34  3:37  Baneling x2  
  34  3:39  Zergling x8  
  37  3:58  Zergling x2, Roach x2  
  41  4:05  Baneling x5  
  41  4:15  Zergling x4  
  41  4:16  Roach x2  
  47  4:18  Baneling  
  47  4:23  Roach  
  49  4:27  Extractor  
  48  4:41  Drone x3  
  48  4:43  Overlord  
  49  5:08  Roach x4  
  49  5:09  Roach  
  59  5:14  Baneling x2  
  57  5:22  Roach  
  57  5:24  Overlord x2  
  59  5:42  Overlord x3, Roach  
  61  5:50  Spine Crawler  
  61  5:51  Drone x3  
  61  5:56  Spine Crawler  
  62  6:00  Roach x2  
  66  6:05  Queen  
  66  6:06  Spore Crawler  
  66  6:09  Spore Crawler  
  68  6:16  Lair  
  66  6:28  Extractor, Drone x2  
  66  6:29  Drone x2  
  66  6:30  Drone x4  
  73  6:36  Roach x4  
  81  7:03  Spore Crawler  
  81  7:07  Spore Crawler, Drone x5  
  81  7:08  Drone  
  85  7:11  Extractor  
  84  7:33  Roach  
  84  7:34  Roach x3  
  92  7:42  Drone x2  
  94  7:58  Hatchery  
  94  8:04  Roach x3  
  94  8:05  Overlord x3  
  99  8:14  Glial Reconstitution  
  99  8:24  Overlord x4  
  99  8:26  Hydralisk Den  
  98  8:31  Zergling x2  
  99  8:46  Zergling x2  
  100  8:57  Muscular Augments  
  100  8:58  Hydralisk x7  
  100  8:59  Hydralisk x2  
  100  9:00  Drone  
  119  9:10  Roach x4  
  127  9:25  Drone  
  127  9:26  Evolution Chamber x2, Drone x6  
  127  9:28  Overseer  
  132  9:33  Drone x3  
  135  9:40  Roach x2, Hydralisk  
  141  9:49  Hydralisk x2  
  141  9:50  Roach x3  
  151  10:04  Hydralisk  
  151  10:05  Roach x3, Hydralisk  
  151  10:06  Extractor  
  160  10:07  Extractor  
  160  10:08  Zerg Missile Weapons Level 1  
  159  10:14  Zerg Ground Armor Level 1  
  159  10:15  Drone x2  
  161  10:32  Overlord  
  161  10:33  Overlord x4  
  161  10:42  Lurker Den  
  160  10:45  Drone  
  161  11:00  Drone x6  
  161  11:01  Overlord x4, Drone x2  
  169  11:27  Spore Crawler  
  169  11:29  Spore Crawler  
  167  11:32  Hatchery  
  166  12:05  Zerg Missile Weapons Level 2  
  166  12:09  Zerg Ground Armor Level 2  
  166  12:18  Lurker x4  
  166  12:19  Lurker x5  
  166  12:20  Overseer  
  175  12:23  Roach x7  
  175  12:28  Pneumatized Carapace  
  189  12:41  Hydralisk  
  189  12:42  Hydralisk x4  
  165  14:11  Hydralisk x7  
  165  14:16  Hydralisk x5  
  165  14:17  Hydralisk x6  
  172  14:30  Hydralisk x5  
  172  14:31  Hydralisk x8  
  154  14:53  Hydralisk x5  
  154  14:54  Hydralisk x5  
  158  15:01  Hydralisk x4  
  158  15:02  Hydralisk x2  
Tags
 
Add a new tag
Caveats
  • Supply blocks, unpowered buildings, or Contaminate may cause inaccurate times.
  • Supply counts are checked every 10 seconds.